 Seeded DCSS version 0.29-a0-72-g1732ff48e7 (webtiles) character file.

Game seed: 10000000000011 (custom seed)

372 knot the Chopper (level 6, -1/47 HPs)
             Began as a Demonspawn Berserker on Feb 4, 2022.
             Was a Believer of Trog.
             Succumbed to a scorpion's poison
             ... on level 4 of the Dungeon.
             The game lasted 00:02:45 (4113 turns).

knot the Chopper (Demonspawn Berserker)             Turns: 4113, Time: 00:02:46

Health: -1/47      AC:  4    Str: 18    XL:     6   Next: 43%
Magic:  6/6        EV: 12    Int: 10    God:    Trog [**....]
Gold:   146        SH:  5    Dex: 12    Spells: 5/5 levels left

rFire   + . .      SeeInvis .   a - +0 hand axe
rCold   . . .      Faith    .   (no shield)
rNeg    . . .      Spirit   .   r - +2 robe {rF+}
rPois   .          Reflect  +   (no helmet)
rElec   .          Harm     .   (no cloak)
rCorr   .          Rampage  .   (no gloves)
Will    .....                   (no boots)
Stlth   +.........              d - amulet of reflection
HPRegen 0.15/turn               (no ring)
MPRegen 0.20/turn               (no ring)

@: lethally poisoned (-1 -> -15), on berserk cooldown, slowed, very slow
A: magic regeneration, demonic touch 2
a: Renounce Religion, Berserk, Trog's Hand


You were on level 4 of the Dungeon.
You worshipped Trog.
Trog was pleased with you.
You visited 1 branch of the dungeon, and saw 4 of its levels.

You collected 146 gold pieces.

Inventory:

Hand Weapons
 a - a +0 hand axe (weapon)
Missiles
 f - 91 stones
 k - 2 poisoned darts
 p - 4 boomerangs (quivered)
Armour
 r - a +2 robe of fire resistance (worn)
Jewellery
 d - an amulet of reflection (around neck)
Wands
 o - a wand of polymorph (7)
 q - a wand of flame (28)
Scrolls
 c - a scroll of amnesia {unknown}
 h - 2 scrolls of identify {unknown}
 m - 2 scrolls of blinking {unknown}
 n - a scroll of fog {unknown}
Potions
 e - a potion of curing {unknown}
 g - a potion of lignification {unknown}
 i - a potion of magic {unknown}
 j - a potion of might {unknown}
 l - a potion of heal wounds {unknown}


   Skills:
 - Level 3.0 Fighting
 * Level 6.5 Axes
 * Level 1.0 Throwing
 - Level 1.7 Armour
 - Level 1.7 Dodging


You had 5 spell levels left.
You didn't know any spells.
Your spell library contained the following spells:

 Spells                   Type           Power      Damage    Failure   Level
 Corpse Rot               Necr/Air       0%         N/A       50%         2
 Ensorcelled Hibernation  Hex/Ice        0%         N/A       50%         2
 Passwall                 Tmut/Erth      0%         N/A       50%         2
 Poisonous Vapours        Pois/Air       0%         N/A       50%         2
 Swiftness                Air            0%         N/A       75%         3


Dungeon Overview and Level Annotations

Branches:
Dungeon (4/15)             Temple (0/1) D:4

Altars:

Shops:
D:3 [

Annotations:
D:4 Ijyb


Innate Abilities, Weirdness & Mutations

You regenerate magic rapidly.
Your touch may inflict irresistible damage on your foes.


Message History

The scorpion is almost dead.
You feel very sick. The scorpion stings you.
You are lethally poisoned!
The scorpion poisons you!
You hit the scorpion but do no damage.
The scorpion is almost dead.
You feel very sick. The scorpion stings you.
You are more poisoned.
The scorpion poisons you!
You are too injured to fight recklessly!
You are too injured to fight recklessly!
A red film seems to cover your vision as you go berserk!
You feel yourself moving faster!
You feel mighty!
* * * LOW HITPOINT WARNING * * *
You feel extremely sick. The scorpion stings you!
* * * LOW HITPOINT WARNING * * *
You slash the scorpion!
You kill the scorpion!
Trog accepts your kill.
* * * LOW HITPOINT WARNING * * *
You feel very sick.
Your Throwing skill increases to level 1!
There is a lethal amount of poison in your body!
There is a lethal amount of poison in your body!
There is a lethal amount of poison in your body!
* * * LOW HITPOINT WARNING * * *
You feel very sick.
You feel a strong urge to attack something.
* * * LOW HITPOINT WARNING * * *
You feel sick.
* * * LOW HITPOINT WARNING * * *
You feel very sick.
You are too berserk!
You feel your anger nearly subside.
You are no longer berserk.
You are exhausted.
You feel yourself slow down.
You die...

#.# #.# ###'### # #.## #.#
###.### # #..## #)# #.# #
..###..######## #.# #
#............######.### #
######..####.....#..#.#######
##.# ##.##............#####
#.# #.##.####.#####.....#
#.#####.##@# #.# #####..
#.##....##.# #.# ##.
#.....<.##.# #.# ##
####....##.# #.# #....##.#
#.# #....##.# #.# #....##.#
#.# #....##.. ######


There were no monsters in sight!

Vanquished Creatures
  An ogre (D:3)
  A scorpion (D:4)
  Dowan (D:4)
  An orc priest (D:4)
  A centaur skeleton (D:4)
  A river rat (D:4)
  5 adders
  2 orcs (D:4)
  6 endoplasms
  2 giant cockroaches
  5 goblins
  5 hobgoblins
  14 jackals
  2 ball pythons
  7 bats
  5 frilled lizards
  3 kobolds
  5 rats
67 creatures vanquished.

Notes
Turn   | Place    | Note
-------+----------+-------------------------------------------
     0 | D:1      | knot the Demonspawn Berserker began the quest for the Orb.
     0 | D:1      | Reached XP level 1. HP: 18/18 MP: 1/1
    52 | D:1      | Reached skill level 3 in Axes
   173 | D:1      | Gained mutation: You regenerate magic rapidly. [demonic
                  | ancestry]
   173 | D:1      | Reached XP level 2. HP: 24/24 MP: 2/2
  1158 | D:2      | Reached skill level 4 in Axes
  1158 | D:2      | Gained mutation: Your touch may inflict minor irresistible
                  | damage on your foes. [demonic ancestry]
  1158 | D:2      | Reached XP level 3. HP: 19/29 MP: 3/3
  1315 | D:2      | Reached ** piety under Trog
  1768 | D:2      | Reached XP level 4. HP: 21/35 MP: 4/4
  2340 | D:3      | Noticed an ogre
  2347 | D:3      | Killed an ogre
  2348 | D:3      | Reached skill level 5 in Axes
  2348 | D:3      | Reached XP level 5. HP: 41/41 MP: 5/5
  2565 | D:3      | Found Daocsar's Antique Armour Emporium.
  3430 | D:4      | Noticed Duvessa
  3431 | D:4      | Noticed Dowan
  3432 | D:4      | Noticed Duvessa
  3432 | D:4      | Duvessa changed into Duvessa the river rat
  3432 | D:4      | Noticed Ijyb
  3908 | D:4      | Killed Dowan
  3909 | D:4      | Reached skill level 6 in Axes
  3909 | D:4      | Gained mutation: Your touch may inflict irresistible damage
                  | on your foes. [demonic ancestry]
  3909 | D:4      | Reached XP level 6. HP: 47/47 MP: 6/6
  3911 | D:4      | Killed Duvessa the river rat
  4001 | D:4      | Found a staircase to the Ecumenical Temple.
  4110 | D:4      | Reached skill level 1 in Throwing
  4112 | D:4      | HP: 1/70 [poisoned by a scorpion]
  4113 | D:4      | Succumbed to a scorpion's poison

Illustrated notes

Levels and vault maps discovered:
D:1:      lordsloth_arrival_two_stooges, layout_basic, grunt_decor_fettered,
          minmay_misc_feat_diagonals, nicolae_concentric_dashed_squares_wild
D:2:      layout_rooms, hangedman_decor_clover_reticule
D:3:      layout_basic, serial_shops, shop, kennysheep_path_1
D:4:      layout_rooms, temple_doors_e, uniq_duvessa, uniq_ijyb

Skill      XL: |  1  2  3  4  5  6 |
---------------+-------------------+-----
Axes           | 3 4 5 6 |  6.5
Throwing       | 1 |  1.0
Fighting       | |  3.0
Armour         | |  1.7
Dodging        | |  1.7

Action                   |  1- 3 |  4- 6 || total
-------------------------+-------+-------++-------
Melee: Hand axe          |   113 |    62 ||   175
       Punch             |     3 |     1 ||     4
       Touch             |     6 |     7 ||    13
Invok: Berserk           |       |     5 ||     5
Evoke: Wand              |       |     1 ||     1
Armor: Animal skin       |    27 |    10 ||    37
       Robe              |       |     2 ||     2
Dodge: Dodged            |    82 |    48 ||   130
Block: Other             |    28 |    10 ||    38

Table legend: (Time is in decaauts)
 A = Elapsed time spent in this place.
 B = Non-inter-level travel time spent in this place.
 C = Inter-level travel time spent in this place.
 D = Time resting spent in this place.
 E = Time spent auto-exploring this place.
 F = Levels seen in this place.
 G = Mean time per level.
                   A        B        C        D        E       F      G
               +--------+--------+--------+--------+--------+-----+--------+
         Total |   4166 |   4109 |     57 |   1022 |   2582 |   4 | 1041.5 |
       Dungeon |   4166 |   4109 |     57 |   1022 |   2582 |   4 | 1041.5 |
               +--------+--------+--------+--------+--------+-----+--------+

Top non-repeatable levels by time:
     D:3: 1391 daAuts
     D:1: 1154 daAuts
     D:2: 1102 daAuts
     D:4: 518 daAuts
